 Seeded DCSS version 0.27-a0-74-gebd156f (webtiles) character file.

Game seed: 5888312660903121740 (custom seed)

1109 skewfiend the Chucker (level 8, -2/61 HPs)
             Began as a Merfolk Arcane Marksman on Jan 11, 2021.
             Was a Follower of Okawaru.
             Slain by Maggie
             ... wielding a +0 vorpal halberd
              (3 damage)
             ... on level 6 of the Dungeon.
             The game lasted 00:30:54 (7292 turns).

skewfiend the Chucker (Merfolk Arcane Marksman)     Turns: 7292, Time: 00:30:55

Health: -2/61      AC:  3    Str: 11    XL:     8   Next: 33%
Magic:  8/12       EV: 13    Int: 14    God:    Okawaru [*.....]
Gold:   305        SH:  0    Dex: 14    Spells: 3/13 levels left

rFire    . . .     SeeInvis .   a - +1 dagger (venom)
rCold    . . .     Faith    .   (no shield)
rNeg     . . .     Spirit   .   g - +0 robe
rPois    .         Reflect  .   u - +2 helmet
rElec    .         Harm     .   H - +0 cloak
rCorr    .         Rampage  .   A - +0 pair of gloves (curse)
Will     +....                  (no boots)
Stlth    +.........             (no amulet)
HPRegen  0.20/turn              K - ring of willpower
MPRegen  0.13/turn              (no ring)

@: brilliant, corroded
A: change form in water, swift swim, stealthy swim
a: Renounce Religion, Heroism


You were on level 6 of the Dungeon.
You worshipped Okawaru.
Okawaru was aware of your devotion.
You visited 2 branches of the dungeon, and saw 7 of its levels.

You collected 305 gold pieces.

Inventory:

Hand Weapons
 a - a +1 dagger of venom (weapon)
 b - a +4 quarterstaff of chaos
 k - a +0 spear
 B - a +3 short sword
Missiles
 c - 9 javelins
 d - 3 atropa-tipped darts
 e - 2 boomerangs
 f - 164 stones (quivered)
 y - 2 throwing nets {=f}
Armour
 g - a +0 robe (worn)
 u - a +2 helmet (worn)
 v - a +0 scale mail
 z - a +0 leather armour
 A - a cursed +0 pair of gloves (worn)
 H - a +0 cloak (worn)
Jewellery
 F - an uncursed ring of ice
 K - a ring of willpower (left hand)
Wands
 I - a wand of random effects (19)
 O - a wand of digging (5)
Scrolls
 l - 3 scrolls of teleportation {unknown}
 m - a scroll of enchant armour {unknown}
 n - 2 scrolls of fear
 o - 2 scrolls of magic mapping {unknown}
 q - 3 scrolls of fog {unknown}
 s - a scroll of immolation
 w - 6 scrolls of identify {unknown}
 C - a scroll of amnesia {unknown}
 D - a scroll of noise {unknown}
 L - a scroll of remove curse
 M - a scroll of random uselessness {unknown}
 N - a scroll of enchant weapon {unknown}
Potions
 h - a potion of berserk rage {unknown}
 i - a potion of ambrosia {unknown}
 j - a potion of magic {unknown}
 p - a potion of might {unknown}
 r - 4 potions of curing {unknown}
 t - a potion of flight {unknown}
 x - a potion of degeneration {unknown}
 E - 3 potions of heal wounds {unknown}
 G - 3 potions of brilliance
 J - a potion of attraction {unknown}


   Skills:
 + Level 4.8 Fighting
 * Level 6.5 Throwing
 - Level 2.6 Dodging
 - Level 3.0 Spellcasting
 + Level 5.3 Hexes
 * Level 0.8 Invocations


You had 3 spell levels left.
You knew the following spells:

 Your Spells              Type           Power        Failure   Level
a - Corona                Hex            27%          2%          1
b - Slow                  Hex            25%          3%          2
c - Portal Projectile     Hex/Tloc       28%          22%         3
d - Cause Fear            Hex            12%          24%         4

Your spell library contained the following spells:

 Spells                   Type           Power        Failure   Level
 Inner Flame              Hex/Fire       14%          22%         3
 Leda's Liquefaction      Hex/Erth       7%           56%         4


Dungeon Overview and Level Annotations

Branches:
Dungeon (6/15)             Temple (1/1) D:4

Altars:
Ashenzari
Dithmenos
Elyvilon
Fedhas
Gozag
Okawaru
Ru
Trog
Uskayaw
Wu Jian
Xom
Yredelemnul
Zin

Annotations:
D:3 1 runed translucent door, vykuza's ghost, amateur PaVM
D:6 Maggie


Message History

Maggie attempts to bespell you! You resist.
Casting: Corona (safe; 2% risk of failure)
Confirm with . or Enter, or press ? or * to list all spells.
Aiming: Corona (safe; 2% risk of failure)
Press: ? - help, Shift-Dir - straight line, f/p - Maggie
Aim: Maggie, wielding a +0 vorpal halberd, wearing +1 steam dragon scales and carrying a wand of acid (10) (heavily wounded, extremely poisoned, slow, chance to affect: 54%) Maggie is outlined in light.
Maggie zaps a wand.
The bolt of acid hits you!!
You are splashed with acid!
You barely miss Maggie.
Maggie is severely wounded.
Unknown command.
Maggie zaps a wand.
The bolt of acid hits you!
* * * LOW HITPOINT WARNING * * *
The acid corrodes you!
You are splashed with acid!
* * * LOW HITPOINT WARNING * * *
Unknown command.
It was a potion of brilliance.
You feel clever all of a sudden.
Maggie hits you from afar with a +0 vorpal halberd.
You die...

...................##
....###.........(...##
.. #.............(..#
#.#........).....#
#<#####....[<....# #.#
#..........# #.#
#..........# #.#
##).......## ..#
#.....@....# .##
#..........#
#....@.....#
#....(.....#
#....(.....#
##.........##
#.........##
#..##.#######
#...........#


You could see Maggie (extremely poisoned, slow, corona).

Vanquished Creatures
  A necrophage (D:2)
  2 ogres (D:4)
  2 centaurs (D:5)
  A scorpion (D:4)
  A howler monkey (D:5)
  A hound (D:4)
  2 jellies (D:4)
  2 orc priests
  Crazy Yiuf (D:4)
  Ijyb (D:5)
  3 orc wizards
  Natasha (thrice) (D:3)
  3 worker ants
  A howler monkey skeleton (D:4)
  7 adders
  A white imp (D:5)
  An adder skeleton (D:4)
  3 worms
  2 dart slugs (D:1)
  2 leopard geckos (D:4)
  12 orcs
  A ball python (D:3)
  4 giant cockroaches
  6 goblins
  3 hobgoblins (D:1)
  2 iguanas (D:4)
  3 jackals (D:4)
  2 quokkas (D:5)
  4 bats
  5 frilled lizards
  8 kobolds
  A leopard gecko skeleton (D:5)
  2 rats
93 creatures vanquished.

Vanquished Creatures (others)
  4 fungi (D:4)
  A plant (D:2)
5 creatures vanquished.

Grand Total: 98 creatures vanquished

Notes
Turn   | Place    | Note
-------+----------+-------------------------------------------
     0 | D:1      | skewfiend the Merfolk Arcane Marksman began the quest for
                  | the Orb.
     0 | D:1      | Reached XP level 1. HP: 15/15 MP: 2/2
   535 | D:1      | Reached XP level 2. HP: 21/21 MP: 1/3
   954 | D:1      | Learned a level 2 spell: Slow
  1432 | D:2      | Noticed a necrophage
  1443 | D:2      | Killed a necrophage
  1444 | D:2      | Reached skill level 3 in Throwing
  1444 | D:2      | Reached XP level 3. HP: 28/28 MP: 4/4
  1444 | D:2      | Reached XP level 4. HP: 34/34 MP: 5/5
  1802 | D:2      | Reached XP level 5. HP: 36/39 MP: 1/6
  2554 | D:3      | Reached skill level 4 in Throwing
  2759 | D:3      | Found a runed translucent door.
  2759 | D:3      | Noticed an ice beast
  2760 | D:3      | Noticed vykuza's ghost (amateur PaVM)
  3097 | D:3      | Found a hide-covered altar of Uskayaw.
  3192 | D:3      | Noticed Natasha
  3205 | D:3      | Killed Natasha
  3246 | D:3      | Noticed Natasha
  3254 | D:3      | Killed Natasha
  3288 | D:3      | Noticed Natasha
  3301 | D:3      | Killed Natasha
  3373 | D:3      | Found a glowing silver altar of Zin.
  3373 | D:3      | Found an opulent altar of Gozag.
  3518 | D:4      | Reached XP level 6. HP: 47/47 MP: 5/7
  3522 | D:4      | Learned a level 3 spell: Portal Projectile
  3994 | D:4      | Reached skill level 5 in Throwing
  4089 | D:4      | Found a shimmering altar of Xom.
  4426 | D:4      | Reached XP level 7. HP: 48/53 MP: 7/9
  4503 | D:4      | Found a staircase to the Ecumenical Temple.
  4602 | Temple   | Entered the Ecumenical Temple
  4835 | Temple   | Became a worshipper of Warmaster Okawaru
  5590 | D:4      | Found a runed translucent door.
  5591 | D:4      | Noticed Crazy Yiuf
  5614 | D:4      | Killed Crazy Yiuf
  5826 | D:5      | Entered Level 5 of the Dungeon
  5846 | D:5      | Reached skill level 6 in Throwing
  5846 | D:5      | Reached skill level 5 in Hexes
  5846 | D:5      | Reached XP level 8. HP: 35/61 MP: 8/12
  5854 | D:5      | Learned a level 4 spell: Cause Fear
  6101 | D:5      | Noticed Ijyb
  6138 | D:5      | Killed Ijyb
  6138 | D:5      | Reached * piety under Okawaru
  7181 | D:6      | Found a sacrificial altar of Ru.
  7248 | D:6      | Noticed Maggie
  7291 | D:6      | HP: 1/61 [acid (14)]
  7292 | D:6      | Slain by Maggie

Illustrated notes

Levels and vault maps discovered:
D:1:      lemuel_arrival_funnel, layout_basic
D:2:      layout_basic, serial_bayou_pond_b
D:3:      cheibrodos_old_hovel, layout_loops_cross,
          grunt_temple_overflow_gold_and_silver, general_overflow_altar,
          ebering_ghost_inner_flame, uniq_natasha
D:4:      layout_loops_ring, minmay_temple_entry_statues_pillars,
          dk_xom_monty_hall, uniq_crazy_yiuf_cottage
D:5:      layout_loops_ring, uniq_ijyb
D:6:      layout_rooms, kennysheep_mini, minitemple,
          lemuel_coloured_pillars_altar, uniq_maggie
Temple:   jpeg_temple_island

Skill      XL: |  1  2  3  4  5  6  7  8 |
---------------+-------------------------+-----
Fighting       | 2 3 4 |  4.8
Throwing       | 3 4 5 6 |  6.5
Hexes          | 4 5 |  5.3
Spellcasting   | 2 3 |  3.0
Dodging        | |  2.6
Invocations    | |  0.8

Action                   |  1- 3 |  4- 6 |  7- 9 || total
-------------------------+-------+-------+-------++-------
Melee: Dagger            |    19 |   111 |   115 ||   245
       Unarmed           |     2 |       |       ||     2
Throw: Stone             |    25 |    68 |    42 ||   135
       Javelin           |     5 |     5 |    21 ||    31
       Throwing net      |     2 |       |       ||     2
       Boomerang         |       |     7 |    26 ||    33
       Dart              |       |     3 |     7 ||    10
 Cast: Corona            |    18 |    50 |    49 ||   117
       Slow              |     1 |    17 |    18 ||    36
  Use: Scroll            |       |     2 |       ||     2
       Potion            |       |       |     1 ||     1
 Stab: Sleeping          |     1 |       |     1 ||     2
       Invisible         |       |       |     3 ||     3
Armor: Robe              |     1 |    26 |    20 ||    47
Dodge: Dodged            |    16 |    69 |    75 ||   160

Table legend: (Time is in decaauts)
 A = Elapsed time spent in this place.
 B = Non-inter-level travel time spent in this place.
 C = Inter-level travel time spent in this place.
 D = Time resting spent in this place.
 E = Time spent auto-exploring this place.
 F = Levels seen in this place.
 G = Mean time per level.
                   A        B        C        D        E       F      G
               +--------+--------+--------+--------+--------+-----+--------+
         Total |   7240 |   6994 |    246 |    284 |   5169 |   7 | 1034.3 |
       Dungeon |   7059 |   6838 |    221 |    284 |   5014 |   6 | 1176.5 |
        Temple |    180 |    156 |     24 |      0 |    155 |   1 |  180.0 |
               +--------+--------+--------+--------+--------+-----+--------+

Top non-repeatable levels by time:
     D:4: 2072 daAuts
     D:1: 1414 daAuts
     D:5: 1183 daAuts
     D:3: 1176 daAuts
     D:2: 936 daAuts
     D:6: 276 daAuts
  Temple: 180 daAuts
